[Event "GER-ch Youth-U14w 2022"]
[Site "Willingen"]
[Date "2022.06.08"]
[Round "6.2"]
[White "Jacobasch, Ronja"]
[Black "Lorenz, Veronika"]
[Result "0-1"]
[ECO "A00"]
[WhiteElo "1441"]
[BlackElo "1510"]
[Annotator "NA RC COMBH"]
[PlyCount "133"]
[EventDate "2022.06.05"]
[EventType "swiss"]
[EventRounds "9"]
[EventCountry "GER"]
[SourceTitle "playchess.com"]
[Source "ChessBase"]
[SourceQuality "1"]
[TimeControl "40/4500+30:900+30"]

1. g3 Nf6 2. Bg2 g6 3. c4 Bg7 4. d3 O-O 5. e4 d6 6. Ne2 c5 7. O-O Nc6 8. Nbc3 Bg4 9. h3 Bxe2 10. Nxe2 e6 11. f4 Qd7 12. Be3 a6 13. Nc3 Rab8 14. a3 Rfd8 15. Ne2 b5 16. Qc2 Ne8 17. Rab1 a5 18. b3 Rb7 19. Rfd1 bxc4 20. bxc4 Rdb8 21. Bd2 Nd4 22. Nxd4 Bxd4+ 23. Kh2 Rb2 24. Rxb2 Rxb2 25. Qc1 Qa4 26. Be1 Qxa3 27. Rd2 a4 28. Bf3 Qa2 29. Bd1 a3 30. Rc2 Be3 31. Qxe3 Rxc2+ 32. Bxc2 Qxc2+ 33. Qd2 Qb1 34. Qa5 a2 35. Bc3 Qc2+ 36. Kg1 Qxd3 37. Kh2 Qe2+ 38. Kg1 Qe3+ 39. Kh2 Qf2+ 40. Kh1 Qxg3 41. e5 Qxh3+ 42. Kg1 Qg3+ 43. Kh1 Kf8 44. exd6 Qf3+ 45. Kg1 Nxd6 46. Bf6 Qd1+ 47. Kg2 Qc2+ 48. Kg1 Qb1+ 49. Kh2 Qc2+ 50. Kg1 Qd1+ 51. Kg2 Qe2+ 52. Kg1 Qe3+ 53. Kg2 Ne8 54. Qd8 Qe4+ 55. Kg3 Qc6 56. Be5 Qa4 57. Ba1 Qb3+ 58. Kg4 f5+ 59. Kh4 Qb7 60. Kg3 h5 61. Be5 Qa7 62. Ba1 Qc7 63. Qa8 g5 64. Be5 gxf4+ 65. Kxf4 Qf7 66. Bd6+ Kg7 67. Qg2+ 0-1

[Event "GER-ch Youth-U14w 2022"]
[Site "Willingen"]
[Date "2022.06.08"]
[Round "6.9"]
[White "Margaryan, Venera"]
[Black "Eichhorn, Mathilda"]
[Result "1/2-1/2"]
[ECO "D30"]
[WhiteElo "1477"]
[BlackElo "1330"]
[Annotator "NA RC COMBH"]
[PlyCount "115"]
[EventDate "2022.06.05"]
[EventType "swiss"]
[EventRounds "9"]
[EventCountry "GER"]
[SourceTitle "playchess.com"]
[Source "ChessBase"]
[SourceQuality "1"]
[TimeControl "40/4500+30:900+30"]

1. d4 e6 2. Nf3 d5 3. c4 Nf6 4. Bg5 Be7 5. e3 b6 6. Bxf6 Bxf6 7. cxd5 exd5 8. Nc3 Bb7 9. Bd3 O-O 10. Bc2 Re8 11. Qd3 g6 12. O-O-O a5 13. h4 Nc6 14. a3 Ba6 15. Qd2 b5 16. Na2 Qd6 17. h5 b4 18. a4 Rab8 19. b3 Na7 20. hxg6 fxg6 21. Bd3 Bb7 22. Qc2 Kg7 23. Rh2 Rbc8 24. Rdh1 Rh8 25. Qe2 c5 26. Kb1 cxd4 27. Nxd4 Bxd4 28. exd4 Nc6 29. Qg4 Rcd8 30. Rh6 Bc8 31. Qh4 Qf6 32. Rxh7+ Rxh7 33. Qxh7+ Kf8 34. Qh6+ Qg7 35. Qxg7+ Kxg7 36. Rh4 Bf5 37. Nc1 Re8 38. Bxf5 gxf5 39. f3 Re1 40. Rf4 Kg6 41. g4 fxg4 42. Rxg4+ Kf5 43. Kc2 Rf1 44. Nd3 Rxf3 45. Rh4 Kg5 46. Rh8 Nxd4+ 47. Kd2 Nxb3+ 48. Ke2 Nd4+ 49. Kd2 Rf6 50. Rd8 Rf5 51. Ra8 Nc6 52. Nc5 d4 53. Nb3 Rf2+ 54. Ke1 Rf5 55. Ra6 Rf6 56. Nxa5 Nxa5 57. Rxa5+ Rf5 58. Rb5 1/2-1/2

[Event "GER-ch Youth-U14w 2022"]
[Site "Willingen"]
[Date "2022.06.09"]
[Round "7.1"]
[White "Peglau, Dora"]
[Black "Bezsonna, Polina"]
[Result "1-0"]
[ECO "A56"]
[WhiteElo "2008"]
[BlackElo "1511"]
[Annotator "TA"]
[PlyCount "119"]
[EventDate "2022.06.05"]
[EventType "swiss"]
[EventRounds "9"]
[EventCountry "GER"]
[SourceTitle "playchess.com"]
[Source "ChessBase"]
[SourceQuality "1"]
[TimeControl "40/4500+30:900+30"]

1. d4 Nf6 2. c4 c5 3. Nf3 cxd4 4. Nxd4 g6 5. Nc3 Bg7 6. e4 Nc6 7. Be3 O-O 8. Be2 b6 9. O-O Bb7 10. f3 e6 11. Rc1 ({White should play} 11. Ndb5 $16) 11... Ne8 {[%emt 0:06:49] [#] B38: Sicilian: Maroczy Bind with 5...Bg7 and 7...0-0.} 12. Qd2 $146 ({Predecessor:} 12. Nxc6 Bxc6 13. Qd2 f5 14. exf5 gxf5 15. Rfd1 Qh4 16. Bg5 Qh5 17. b4 Rf7 18. a4 Bf8 19. b5 {½-½ (49) Conquest,S (2565)-Rogers,I (2538) Vila Real 2001}) 12... Nc7 (12... f5 $14) 13. Rfd1 Ne7 (13... Nxd4 $142 14. Bxd4 f6) 14. Ndb5 Nxb5 15. Nxb5 (15. cxb5 $6 d5 $11) 15... Bc6 16. Nd6 Nc8 17. b4 {[%emt 0:02:11] Black must now prevent b5.} Ba4 18. Re1 ({But not} 18. Bg5 f6 19. Bf4 (19. Nb7 $2 Qc7 $19) 19... Bxd1 $17) 18... Qe7 {[%emt 0:07:21] [#]} (18... Nxd6 $14 19. Qxd6 Re8) 19. Bf4 ({White should try} 19. c5 $1) 19... e5 $16 20. Nxc8 {[%emt 0:00:46] 0x0.002b0ef91e9cdp-1022s more active pieces.} Rfxc8 21. Bg5 f6 {[%emt 0:01:41] [#]} (21... Qe6 $14) 22. Be3 $1 Bc6 23. Bd1 (23. b5 $18 {is more deadly.}) 23... d6 24. Bb3 Kh8 25. Red1 Rd8 26. Rc3 Rd7 (26... Bf8 $16) 27. Rd3 Rad8 28. b5 Ba8 29. c5 bxc5 {[%emt 0:00:16] [#]} 30. Bxc5 $1 Bf8 {[%emt 0:00:38] [#]} 31. a4 $1 f5 {[%emt 0:03:54] [#]} 32. exf5 gxf5 33. Be3 (33. Bb4 $16) 33... d5 (33... f4 $1 $11 34. Bc5 Qe8) 34. Bg5 Qc5+ 35. Qf2 $1 {[%emt 0:04:50] Bf6+ is the strong threat.} Rc8 $1 36. Be3 ({Better is} 36. Kf1 $14) 36... d4 $11 37. Bg5 $36 {[%emt 0:00:43][%mdl 2048] And now Be6 would win. White is more active.} Rdc7 (37... Re8 $1 $11) 38. Be6 $16 {[%emt 0:03:13][%csl LRc8,LRf5] Strongly threatening Qh4.} Re8 39. Bxf5 {[%emt 0:00:43] Threatens to win with Qh4.} e4 $2 {[%emt 0:00:38][%mdl 8192] Black cannot hold the game after this.} (39... Be7 $16 40. Bxe7 (40. Qh4 Bxg5 41. Qxg5 Rg8 $14) 40... Rcxe7) 40. Bf6+ $18 Bg7 41. Bxg7+ Rxg7 42. Bxe4 Bxe4 43. fxe4 Rxe4 44. Rxd4 Rxd4 45. Qxd4 Qxd4+ 46. Rxd4 {[%emt 0:00:08][%mdl 4096] Endgame aiming for Rd8+. KR-KR} Rb7 47. Rg4 a6 48. bxa6 Ra7 49. Kf2 Rxa6 50. Ke3 h5 51. Rh4 Kg7 52. Rxh5 Rxa4 53. Rd5 {[%emt 0:04:17] White mates.} Kf6 54. g3 Ra3+ 55. Rd3 Ra2 56. h4 Kf5 57. Kf3 Ra4 58. Rd5+ Ke6 59. Rb5 Ra3+ 60. Kg4 {[%emt 0:00:21] Weighted Error Value: White=0.24 (precise) /Black=0.57} 1-0

[Event "GER-ch Youth-U14w 2022"]
[Site "Willingen"]
[Date "2022.06.09"]
[Round "7.2"]
[White "Lorenz, Veronika"]
[Black "Braeutigam, Katerina"]
[Result "0-1"]
[ECO "B14"]
[WhiteElo "1510"]
[BlackElo "1860"]
[Annotator "NA RC COMBH"]
[PlyCount "128"]
[EventDate "2022.06.05"]
[EventType "swiss"]
[EventRounds "9"]
[EventCountry "GER"]
[SourceTitle "playchess.com"]
[Source "ChessBase"]
[SourceQuality "1"]
[TimeControl "40/4500+30:900+30"]

1. e4 c6 2. d4 d5 3. exd5 cxd5 4. c4 Nf6 5. Nc3 g6 6. cxd5 Nxd5 7. Bc4 Nb6 8. Bb3 Bg7 9. Nf3 O-O 10. O-O Nc6 11. d5 Na5 12. Re1 Nxb3 13. axb3 Re8 14. Be3 Bg4 15. h3 Bf5 16. Bd4 Bf8 17. Be5 a6 18. Nd4 Nxd5 19. Nxf5 Nxc3 20. Qg4 Nd5 21. Rad1 Qc8 22. Rxd5 Qxf5 23. Qxf5 gxf5 24. Rd7 b5 25. Rc1 Rec8 26. Rcc7 Rxc7 27. Rxc7 e6 28. Kf1 Bb4 29. Ke2 Ba5 30. Rc6 Kf8 31. Bf6 Ke8 32. Kf3 Kd7 33. Rc2 Bc7 34. Ke3 Rg8 35. f3 e5 36. g4 Rg6 37. g5 h6 38. h4 hxg5 39. hxg5 Rg8 40. Rd2+ Kc6 41. Rc2+ Kb7 42. Rd2 Kc8 43. Rc2 Re8 44. Rh2 e4 45. f4 Bb6+ 46. Bd4 Bxd4+ 47. Kxd4 Kd7 48. Ke3 Re6 49. Rd2+ Rd6 50. Rc2 Rd3+ 51. Ke2 Rxb3 52. Rd2+ Rd3 53. Rc2 Rf3 54. Rd2+ Ke7 55. Rc2 Rxf4 56. Rc7+ Kf8 57. Rc6 Rg4 58. Rxa6 Rxg5 59. Rb6 Rg2+ 60. Ke3 Rxb2 61. Rf6 Rb3+ 62. Ke2 Ke7 63. Rxf5 Ke6 64. Rf4 f5 0-1

[Event "GER-ch Youth-U14w 2022"]
[Site "Willingen"]
[Date "2022.06.09"]
[Round "7.3"]
[White "Trunz, Michelle"]
[Black "Haug, Mara"]
[Result "1/2-1/2"]
[ECO "A58"]
[WhiteElo "1708"]
[BlackElo "1394"]
[Annotator "NA RC COMBH"]
[PlyCount "66"]
[EventDate "2022.06.05"]
[EventType "swiss"]
[EventRounds "9"]
[EventCountry "GER"]
[SourceTitle "playchess.com"]
[Source "ChessBase"]
[SourceQuality "1"]
[TimeControl "40/4500+30:900+30"]

1. d4 Nf6 2. c4 c5 3. d5 b5 4. cxb5 a6 5. bxa6 g6 6. Nc3 Bg7 7. e4 O-O 8. Nf3 Qa5 9. Bd3 Nxd5 10. exd5 Bxc3+ 11. Bd2 Bxd2+ 12. Qxd2 Qxd2+ 13. Kxd2 d6 14. Rhe1 Ra7 15. a3 Bxa6 16. b4 Bxd3 17. Kxd3 Nd7 18. Kc2 Rc8 19. Kb2 Nb6 20. Red1 cxb4 21. axb4 Rxa1 22. Kxa1 Rc4 23. Rd4 Rxd4 24. Nxd4 Nxd5 25. Nc6 Kf8 26. Kb2 Ke8 27. Kb3 Kd7 28. b5 Kc7 29. Kc4 e6 30. Nd4 Kb6 31. Nc6 Kc7 32. Nd4 Kb6 33. Nc6 Kc7 1/2-1/2

[Event "GER-ch Youth-U14w 2022"]
[Site "Willingen"]
[Date "2022.06.09"]
[Round "7.4"]
[White "Reich, Elisabeth"]
[Black "Wartenberg, Alissa"]
[Result "0-1"]
[ECO "B00"]
[WhiteElo "1457"]
[BlackElo "1741"]
[Annotator "NA RC COMBH"]
[PlyCount "116"]
[EventDate "2022.06.05"]
[EventType "swiss"]
[EventRounds "9"]
[EventCountry "GER"]
[SourceTitle "playchess.com"]
[Source "ChessBase"]
[SourceQuality "1"]
[TimeControl "40/4500+30:900+30"]

1. e4 d6 2. d3 e5 3. Nf3 Nc6 4. Nbd2 Nf6 5. g3 h6 6. Bg2 Be6 7. c3 d5 8. a3 Qd7 9. b4 dxe4 10. Nxe4 Nxe4 11. dxe4 Qxd1+ 12. Kxd1 O-O-O+ 13. Kc2 f6 14. Be3 Bd6 15. Nd2 Kb8 16. Nb3 b6 17. a4 Kb7 18. Rhb1 Rd7 19. a5 Bc4 20. axb6 cxb6 21. Bf1 Bxf1 22. Rxf1 Rc8 23. Kb2 Nd8 24. Rfd1 Nf7 25. Nc5+ bxc5 26. bxc5 a6 27. cxd6 Nxd6 28. Kc2 Rcd8 29. Rdb1+ Nb5 30. h4 Rc8 31. Rb3 Rc6 32. Rd1 Rxd1 33. Kxd1 Rxc3 34. Rb2 Kc6 35. Rd2 Nd6 36. Re2 Nc4 37. Bc1 a5 38. Bd2 Nxd2 39. Rxd2 Rc4 40. f3 Rd4 41. Kc1 Rxd2 42. Kxd2 Kc5 43. Kc3 g6 44. f4 h5 45. f5 g5 46. g4 gxh4 47. g5 fxg5 48. f6 Kd6 49. f7 Ke7 50. Kd2 Kxf7 51. Ke2 a4 52. Kd3 h3 53. Ke2 h2 54. Kf2 h1=Q 55. Kg3 a3 56. Kf2 a2 57. Kg3 a1=Q 58. Kf2 Qae1# 0-1

[Event "GER-ch Youth-U14w 2022"]
[Site "Willingen"]
[Date "2022.06.09"]
[Round "7.5"]
[White "Englert, Lin"]
[Black "Mueller, Riyanna"]
[Result "1-0"]
[ECO "D20"]
[WhiteElo "1503"]
[BlackElo "1521"]
[Annotator "NA RC COMBH"]
[PlyCount "93"]
[EventDate "2022.06.05"]
[EventType "swiss"]
[EventRounds "9"]
[EventCountry "GER"]
[SourceTitle "playchess.com"]
[Source "ChessBase"]
[SourceQuality "1"]
[TimeControl "40/4500+30:900+30"]

1. d4 d5 2. c4 dxc4 3. e4 b5 4. a4 c6 5. Nc3 a6 6. axb5 cxb5 7. Nxb5 axb5 8. Rxa8 Bb7 9. Ra1 e6 10. f3 f5 11. exf5 Nf6 12. fxe6 Nd5 13. Ne2 Bd6 14. g3 O-O 15. Bg2 Bb4+ 16. Kf2 Qf6 17. Nf4 g5 18. Nxd5 Bxd5 19. Rf1 Nc6 20. Be3 Qxe6 21. Bxg5 c3 22. bxc3 Bxc3 23. Ra3 b4 24. Rxc3 bxc3 25. Re1 Qf5 26. Bf4 Nb4 27. Re3 c2 28. Qd2 Na2 29. Re5 c1=Q 30. Qxc1 Nxc1 31. Rxf5 Rxf5 32. Bxc1 h5 33. f4 Bxg2 34. Kxg2 Rd5 35. Be3 Kf7 36. Kf3 Ke6 37. Ke4 Ra5 38. h3 Rb5 39. g4 Ra5 40. f5+ Kf7 41. Bg5 hxg4 42. hxg4 Ke8 43. Bf6 Kf7 44. g5 Rb5 45. Be5 Ra5 46. g6+ Kf8 47. f6 1-0

[Event "GER-ch Youth-U14w 2022"]
[Site "Willingen"]
[Date "2022.06.09"]
[Round "7.6"]
[White "Fock, Madiha"]
[Black "Jacobasch, Ronja"]
[Result "1/2-1/2"]
[ECO "B09"]
[WhiteElo "1468"]
[BlackElo "1441"]
[Annotator "NA RC COMBH"]
[PlyCount "149"]
[EventDate "2022.06.05"]
[EventType "swiss"]
[EventRounds "9"]
[EventCountry "GER"]
[SourceTitle "playchess.com"]
[Source "ChessBase"]
[SourceQuality "1"]
[TimeControl "40/4500+30:900+30"]

1. e4 d6 2. d4 Nf6 3. Nc3 g6 4. f4 Bg7 5. Nf3 O-O 6. e5 Nfd7 7. Bc4 dxe5 8. fxe5 e6 9. O-O c5 10. Nb5 cxd4 11. Bf4 Nc6 12. Re1 Qb6 13. Nbxd4 Qc5 14. Bb5 Ncxe5 15. Nxe5 Bxe5 16. Bxe5 Nxe5 17. b4 Qc7 18. Qe2 Nd7 19. Rad1 Nf6 20. c4 Bd7 21. Qf3 Bxb5 22. Nxb5 Qe7 23. Nd6 b6 24. a3 Rad8 25. Nb5 Kg7 26. Nd4 Rc8 27. Nc6 Qc7 28. b5 a6 29. a4 axb5 30. axb5 Nd7 31. Rf1 f6 32. Ne7 Rce8 33. Nc6 Rf7 34. Ra1 Ne5 35. Nxe5 Qxe5 36. Qc6 Qc5+ 37. Qxc5 bxc5 38. Rfb1 Rb7 39. Ra6 Rc7 40. b6 Rb7 41. Rba1 Kh6 42. R1a5 Rc8 43. Rb5 Rc6 44. Kf2 e5 45. Raa5 Rbxb6 46. Rxb6 Rxb6 47. Rxc5 Kg5 48. Rb5 Rc6 49. c5 Kf5 50. Ke3 Ke6 51. g4 f5 52. gxf5+ gxf5 53. Rb7 h6 54. Rh7 Kd5 55. Rf7 f4+ 56. Kf3 Kxc5 57. Ke4 Re6 58. Rc7+ Kd6 59. Rf7 Rg6 60. Ra7 Ke6 61. Ra5 Rg5 62. Ra6+ Kf7 63. Rxh6 Rg6 64. Rh3 Kf6 65. Rh5 Rg5 66. Rh6+ Kg7 67. Ra6 Rh5 68. Ra2 Kg6 69. Rf2 Kf6 70. Rg2 Rg5 71. Rf2 Kg6 72. Re2 Kh5 73. Kf3 Kh4 74. Re1 Kh3 75. Re2 1/2-1/2

[Event "GER-ch Youth-U14w 2022"]
[Site "Willingen"]
[Date "2022.06.09"]
[Round "7.7"]
[White "Stepanjan, Marianne"]
[Black "Flierl, Veronika"]
[Result "1-0"]
[ECO "B13"]
[WhiteElo "1489"]
[BlackElo "1427"]
[Annotator "NA RC COMBH"]
[PlyCount "37"]
[EventDate "2022.06.05"]
[EventType "swiss"]
[EventRounds "9"]
[EventCountry "GER"]
[SourceTitle "playchess.com"]
[Source "ChessBase"]
[SourceQuality "1"]
[TimeControl "40/4500+30:900+30"]

1. e4 c6 2. d4 d5 3. exd5 cxd5 4. Bd3 Nc6 5. c3 Qc7 6. Be3 Nf6 7. h3 e6 8. Nf3 Bd6 9. O-O h6 10. Re1 O-O 11. Nbd2 Bd7 12. Nf1 a6 13. Qc1 Rfe8 14. Bxh6 gxh6 15. Qxh6 Qd8 16. Ng5 Bf4 17. Bh7+ Nxh7 18. Qxh7+ Kf8 19. Qxf7# 1-0

[Event "GER-ch Youth-U14w 2022"]
[Site "Willingen"]
[Date "2022.06.09"]
[Round "7.8"]
[White "Modali, Nikhilamrutha"]
[Black "Margaryan, Venera"]
[Result "0-1"]
[ECO "C10"]
[WhiteElo "1262"]
[BlackElo "1477"]
[Annotator "NA RC COMBH"]
[PlyCount "140"]
[EventDate "2022.06.05"]
[EventType "swiss"]
[EventRounds "9"]
[EventCountry "GER"]
[SourceTitle "playchess.com"]
[Source "ChessBase"]
[SourceQuality "1"]
[TimeControl "40/4500+30:900+30"]

1. e4 e6 2. d4 d5 3. Nc3 dxe4 4. Nxe4 Nd7 5. Nf3 Ngf6 6. Bd3 c5 7. O-O Be7 8. Nxf6+ Nxf6 9. dxc5 Bxc5 10. Bg5 O-O 11. Qe2 h6 12. Bh4 b6 13. Bxf6 Qxf6 14. Qe4 g6 15. Qxa8 Qe7 16. Qe4 Bb7 17. Qg4 Qf6 18. Rae1 Rd8 19. Ne5 Rd4 20. Qg3 Bd6 21. Bxg6 fxg6 22. Qxg6+ Qxg6 23. Nxg6 Rg4 24. Ne7+ Bxe7 25. f3 Bc5+ 26. Kh1 Rg6 27. Rd1 Bd5 28. b3 b5 29. Rfe1 Rg5 30. Rc1 Kf7 31. c4 bxc4 32. bxc4 Bc6 33. Re2 Bb4 34. Rb1 a5 35. Rb3 Bd6 36. Rb6 Rc5 37. Rc2 Bc7 38. Rb1 Kf6 39. Re1 Bb5 40. Re4 Bc6 41. Ree2 Ba4 42. Rc3 Be5 43. Rce3 Bd7 44. g3 Bd4 45. Rd3 Rxc4 46. Re4 e5 47. Rd1 Bc6 48. Rdxd4 Rxd4 49. Re3 Rd1+ 50. Kg2 Rd2+ 51. Kh3 Bd7+ 52. g4 Rxa2 53. Kg3 Rd2 54. h4 a4 55. g5+ hxg5 56. hxg5+ Kxg5 57. Rxe5+ Kf6 58. Ra5 Rd3 59. Kf4 a3 60. Ke4 Rc3 61. Rd5 Be6 62. Rd1 a2 63. Ra1 Rb3 64. Kd4 Rb1 65. Rxa2 Bxa2 66. f4 Rd1+ 67. Ke4 Bd5+ 68. Ke3 Kf5 69. Ke2 Rd4 70. Ke3 Rxf4 0-1

[Event "GER-ch Youth-U14w 2022"]
[Site "Willingen"]
[Date "2022.06.09"]
[Round "7.9"]
[White "Ottlik, Marie"]
[Black "Hergenroeder, Cora"]
[Result "1-0"]
[ECO "B13"]
[WhiteElo "1442"]
[BlackElo "1453"]
[Annotator "NA RC COMBH"]
[PlyCount "87"]
[EventDate "2022.06.05"]
[EventType "swiss"]
[EventRounds "9"]
[EventCountry "GER"]
[SourceTitle "playchess.com"]
[Source "ChessBase"]
[SourceQuality "1"]
[TimeControl "40/4500+30:900+30"]

1. e4 c6 2. d4 d5 3. exd5 cxd5 4. Bd3 Nc6 5. c3 Qc7 6. h3 g6 7. Nf3 Bf5 8. Bxf5 gxf5 9. Bg5 e6 10. Bh4 h5 11. O-O Be7 12. Nbd2 Qd8 13. Bg3 Bd6 14. Bxd6 Qxd6 15. Qe2 a6 16. Rae1 O-O-O 17. b4 Nge7 18. Nh4 Qf4 19. Ndf3 Rdg8 20. b5 axb5 21. Qxb5 Ng6 22. Nxg6 Rxg6 23. Rb1 Nd8 24. Ne5 Rg7 25. Qc5+ Nc6 26. Nxc6 bxc6 27. Qxc6+ Qc7 28. Qa8+ Kd7 29. Qxh8 Rg5 30. Qf6 Qd8 31. Qxd8+ Kxd8 32. Rb7 Ke8 33. a4 Kf8 34. a5 Kg7 35. a6 Kf6 36. a7 Rg8 37. Rb8 Rxb8 38. axb8=Q h4 39. Qd8+ Kg6 40. Qxh4 Kg7 41. Qh5 Kf6 42. Ra1 f4 43. Ra7 f3 44. Rxf7# 1-0

[Event "GER-ch Youth-U14w 2022"]
[Site "Willingen"]
[Date "2022.06.09"]
[Round "7.10"]
[White "Eichhorn, Mathilda"]
[Black "Müller, Cosima"]
[Result "0-1"]
[ECO "B35"]
[WhiteElo "1330"]
[BlackElo "1389"]
[Annotator "NA RC COMBH"]
[PlyCount "82"]
[EventDate "2022.06.05"]
[EventType "swiss"]
[EventRounds "9"]
[EventCountry "GER"]
[SourceTitle "playchess.com"]
[Source "ChessBase"]
[SourceQuality "1"]
[TimeControl "40/4500+30:900+30"]

1. e4 c5 2. Nf3 Nc6 3. d4 cxd4 4. Nxd4 Nf6 5. Nc3 g6 6. Be3 Bg7 7. Bc4 O-O 8. Bb3 d6 9. f3 Bd7 10. Qd2 Rc8 11. O-O-O Ne5 12. Qe2 a6 13. Kb1 b5 14. f4 Nc4 15. Bc1 Bg4 16. Nf3 Nh5 17. h3 Ng3 18. Qe1 Bxf3 19. Qxg3 Bxd1 20. Nxd1 a5 21. h4 a4 22. Bxc4 Rxc4 23. Re1 Qc7 24. Ne3 Rc5 25. Nd5 Qb7 26. Be3 Rc4 27. Bd2 e6 28. Nb4 Rxe4 29. Rf1 Re2 30. Rf2 Qe4 31. Rxe2 Qxe2 32. Bc1 Rc8 33. a3 Rc4 34. f5 Be5 35. Qh3 exf5 36. Qh1 d5 37. g3 Rc5 38. Ka1 Qe4 39. Qh2 Qf3 40. Qg1 Qxa3+ 41. Na2 Rxc2 0-1

[Event "GER-ch Youth-U14w 2022"]
[Site "Willingen"]
[Date "2022.06.09"]
[Round "7.11"]
[White "Göb, Franziska"]
[Black "Brandt, Greta"]
[Result "1/2-1/2"]
[ECO "C01"]
[WhiteElo "1362"]
[BlackElo "1458"]
[Annotator "NA RC COMBH"]
[PlyCount "67"]
[EventDate "2022.06.05"]
[EventType "swiss"]
[EventRounds "9"]
[EventCountry "GER"]
[SourceTitle "playchess.com"]
[Source "ChessBase"]
[SourceQuality "1"]
[TimeControl "40/4500+30:900+30"]

1. e4 e6 2. d4 d5 3. exd5 exd5 4. c4 Bb4+ 5. Nc3 Nf6 6. Bd3 dxc4 7. Bxc4 O-O 8. Nge2 Nc6 9. O-O Bg4 10. h3 Bh5 11. Bg5 h6 12. Bh4 Bxc3 13. bxc3 Re8 14. g4 Bg6 15. f4 Be4 16. Ng3 Qd6 17. Nxe4 Nxe4 18. Qc2 Na5 19. Bd3 Nf6 20. f5 c5 21. dxc5 Qxc5+ 22. Kg2 Qc6+ 23. Kg1 Nd5 24. Rfe1 Rxe1+ 25. Bxe1 Nf4 26. Kh2 Nxd3 27. Qxd3 Qc4 28. Qxc4 Nxc4 29. Bg3 Re8 30. Re1 Rxe1 31. Bxe1 g6 32. fxg6 fxg6 33. Bf2 a6 34. Kg2 1/2-1/2

[Event "GER-ch Youth-U14w 2022"]
[Site "Willingen"]
[Date "2022.06.09"]
[Round "7.12"]
[White "Hoffmann, Sophia"]
[Black "Heuberger, Sandra"]
[Result "1/2-1/2"]
[ECO "D02"]
[WhiteElo "1289"]
[BlackElo "1101"]
[Annotator "NA RC COMBH"]
[PlyCount "83"]
[EventDate "2022.06.05"]
[EventType "swiss"]
[EventRounds "9"]
[EventCountry "GER"]
[SourceTitle "playchess.com"]
[Source "ChessBase"]
[SourceQuality "1"]
[TimeControl "40/4500+30:900+30"]

1. d4 d5 2. Bf4 Nf6 3. Nf3 e6 4. c4 Bd6 5. Bg3 O-O 6. e3 b6 7. Bd3 dxc4 8. Bxc4 Bb7 9. O-O Bxg3 10. fxg3 Ng4 11. Qe2 Nd7 12. Nbd2 c5 13. Rad1 cxd4 14. exd4 Rc8 15. Bxe6 Qe8 16. h3 Ngf6 17. Bc4 Qxe2 18. Bxe2 Nd5 19. Rc1 Rce8 20. Bc4 N7f6 21. Ne5 Rd8 22. Ndf3 h6 23. Rfd1 a6 24. a4 Nd7 25. Kf2 N5f6 26. g4 Ne4+ 27. Ke3 Nd6 28. Ba2 Nxe5 29. dxe5 Rfe8 30. Kf4 g5+ 31. Ke3 Bxf3 32. gxf3 Rxe5+ 33. Kf2 Ra5 34. b3 Rc5 35. Rxc5 bxc5 36. Rd5 Nb7 37. Rxd8+ Nxd8 38. Bb1 Nc6 39. Ke3 Na5 40. Ba2 Nc6 41. Ke4 Kg7 42. f4 1/2-1/2

[Event "GER-ch Youth-U14w 2022"]
[Site "Willingen"]
[Date "2022.06.10"]
[Round "8.1"]
[White "Wartenberg, Alissa"]
[Black "Peglau, Dora"]
[Result "1/2-1/2"]
[ECO "B10"]
[WhiteElo "1741"]
[BlackElo "2008"]
[Annotator "TA"]
[PlyCount "46"]
[EventDate "2022.06.05"]
[EventType "swiss"]
[EventRounds "9"]
[EventCountry "GER"]
[SourceTitle "playchess.com"]
[Source "ChessBase"]
[SourceQuality "1"]
[TimeControl "40/4500+30:900+30"]

1. e4 c6 2. Nf3 d5 3. Nc3 dxe4 4. Nxe4 Nf6 5. Qe2 Nxe4 6. Qxe4 Qd5 {[%emt 0:00:00] B11: Caro-Kann: Two Knights Variation.} 7. Qh4 Qe6+ 8. Be2 Qg4 9. Qxg4 Bxg4 10. O-O {[%emt 0:00:00] [#]} e6 $146 ({Predecessor:} 10... Nd7 11. d4 e6 12. Bf4 Nf6 13. Rfe1 Nd5 14. Bg3 Bb4 15. c3 Nxc3 16. bxc3 Bxc3 {0-1 (51) Sliwicki,D (2169)-Sorokin,A (2521) Chess.com INT 2021}) 11. d4 Be7 12. h3 Bh5 13. Bf4 O-O 14. c3 c5 15. dxc5 {[%emt 0:05:25] White is more active.} Bxc5 16. Rfe1 Nc6 17. Nd2 (17. g4 $14 Bg6 18. Nh4) 17... Bxe2 $11 {[%emt 0:00:49] The position is equal.} 18. Rxe2 Rfd8 19. Nb3 Bb6 20. Ree1 Rd7 21. Rad1 Rad8 22. Rxd7 Rxd7 23. Kf1 Kf8 {Weighted Error Value: White=0.15 (very precise) /Black=0.07 (flawless)} 1/2-1/2

[Event "GER-ch Youth-U14w 2022"]
[Site "Willingen"]
[Date "2022.06.10"]
[Round "8.2"]
[White "Braeutigam, Katerina"]
[Black "Trunz, Michelle"]
[Result "0-1"]
[ECO "C00"]
[WhiteElo "1860"]
[BlackElo "1708"]
[Annotator "NA RC COMBH"]
[PlyCount "104"]
[EventDate "2022.06.05"]
[EventType "swiss"]
[EventRounds "9"]
[EventCountry "GER"]
[SourceTitle "playchess.com"]
[Source "ChessBase"]
[SourceQuality "1"]
[TimeControl "40/4500+30:900+30"]

1. e4 e6 2. d3 c5 3. Nf3 Nc6 4. Qe2 g6 5. Nc3 Bg7 6. g3 Nge7 7. Bg2 O-O 8. O-O a6 9. Be3 Nd4 10. Qd2 Re8 11. Rfe1 d6 12. Rab1 b5 (12... e5 $142) 13. e5 Bb7 14. Nxd4 cxd4 15. Bxb7 dxe3 16. fxe3 Ra7 17. exd6 Rxb7 18. dxe7 Qxe7 19. d4 f5 20. Ne2 Rd7 21. c3 e5 22. b3 Qg5 23. d5 Bh6 24. Kf2 Qh5 25. Kg2 ({Wrong is} 25. Kg1 $2 Qf3 26. Nc1 Rxd5 $19) (25. h3 $15) 25... Qg4 26. Kg1 Qe4 27. Nf4 Red8 28. Ne6 Rxd5 29. Qg2 Qxg2+ 30. Kxg2 R8d6 31. Nd4 exd4 32. exd4 Rd8 33. Rbd1 Kf7 34. Rd3 b4 35. cxb4 Rxd4 36. Rc3 Bd2 37. Rc7+ R4d7 38. Rxd7+ Rxd7 39. Rd1 Ke6 40. a3 Bg5 41. Re1+ Kd6 42. Re8 Kc6 43. Re6+ Kb7 44. a4 Rd2+ 45. Kg1 Rd3 46. b5 axb5 47. axb5 Rxb3 48. Rd6 Kc7 49. Rd5 Rb2 50. Kh1 Be7 51. Kg1 Bd6 52. Kh1 $19 Kd7 0-1

[Event "GER-ch Youth-U14w 2022"]
[Site "Willingen"]
[Date "2022.06.10"]
[Round "8.3"]
[White "Lorenz, Veronika"]
[Black "Englert, Lin"]
[Result "0-1"]
[ECO "B20"]
[WhiteElo "1510"]
[BlackElo "1503"]
[Annotator "NA RC COMBH"]
[PlyCount "132"]
[EventDate "2022.06.05"]
[EventType "swiss"]
[EventRounds "9"]
[EventCountry "GER"]
[SourceTitle "playchess.com"]
[Source "ChessBase"]
[SourceQuality "1"]
[TimeControl "40/4500+30:900+30"]

1. e4 c5 2. a3 Nc6 3. b4 cxb4 4. axb4 Nxb4 5. d4 d5 6. c3 Nc6 7. exd5 Qxd5 8. Na3 a6 9. Nb5 Qd8 10. Bf4 e5 11. dxe5 Qxd1+ 12. Kxd1 Bg4+ 13. f3 Rd8+ 14. Nd6+ Bxd6 15. exd6 Be6 16. Rb1 Rd7 17. Rb6 Nd8 18. Bd3 Nf6 19. c4 Nc6 20. Ne2 O-O 21. Kd2 Na5 22. Rc1 Rc8 23. Nd4 Nxc4+ 24. Bxc4 Rxc4 25. Nxe6 Rxc1 26. Kxc1 fxe6 27. Rb3 Kf7 28. Kd2 Ne8 29. Ke3 Kf6 30. Ke4 Nxd6+ 31. Bxd6 Rxd6 32. Rxb7 Rd2 33. g3 Rxh2 34. Ra7 Ra2 35. g4 h6 36. f4 Ra4+ 37. Kf3 Ra5 38. Ke4 g5 39. fxg5+ hxg5 40. Ra8 Ra4+ 41. Kf3 Ke5 42. Rg8 Ra3+ 43. Kf2 Kf4 44. Re8 Ra2+ 45. Ke1 e5 46. Re6 Ra5 47. Kf2 Kxg4 48. Rf6 e4 49. Ke3 Ra4 50. Rf8 Kg3 51. Rg8 g4 52. Rg6 a5 53. Rg8 Kh3 54. Kf2 Ra2+ 55. Ke3 g3 56. Kxe4 g2 57. Kf3 Kh2 58. Rh8+ Kg1 59. Rb8 a4 60. Rc8 Rf2+ 61. Kg3 Kf1 62. Rc1+ Ke2 63. Rc2+ Kd3 64. Rxf2 g1=Q+ 65. Kf3 Qxf2+ 66. Kxf2 a3 0-1